 Dungeon Crawl Stone Soup version 0.31-a0-977-gc230f8ef24 (webtiles) character file.

Game seed: 1870155773432996641

153 tsujin the Ruffian (level 5, -1/41 HPs)
             Began as a Gnoll Shapeshifter on Oct 30, 2023.
             Slain by an ice beast (12 damage)
             ... on level 4 of the Dungeon.
             The game lasted 00:03:38 (2289 turns).

tsujin the Ruffian (Gnoll Shapeshifter)             Turns: 2289, Time: 00:03:38

Health: -1/41      AC:  5    Str: 15    XL:     5   Next: 35%
Magic:  7/7        EV: 12    Int: 10    God:
Gold:   158        SH:  0    Dex: 11    Spells: 6/6 levels left

rFire   . .          .
                       - Unarmed
rCold   . . .        (no shield)
rNeg    . . .        l - +0 ring mail
rPois   .            (helmet currently unavailable)
rElec   .            (cloak currently unavailable)
rCorr   .            (gloves currently unavailable)
SInv    .            (boots currently unavailable)
Will    .....        (no amulet)
Stlth   +            (no ring)
HPRegen 0.26/turn    (no ring)
MPRegen 0.10/turn

%: no passive effects
@: beast-form
A: beast (slay +3), fangs 1, strong nose, distributed training
a: Begin Untransformation


You were on level 4 of the Dungeon.
You were a hulking beast.
You visited 1 branch of the dungeon, and saw 4 of its levels.

You collected 158 gold pieces.

Inventory:

Missiles
 a - a javelin
Armour
 l - a +0 ring mail (worn)
Magical Staves
 j - a staff of conjuration
Talismans
 c - a beast talisman
 d - a flux talisman
 f - a serpent talisman
Scrolls
 b - a scroll of immolation
 e - 6 scrolls of identify
 h - a scroll of noise {unknown}
 k - 2 scrolls of teleportation {unknown}
Potions
 g - a potion of curing {unknown}
 i - 2 potions of haste {unknown}
 m - 2 potions of enlightenment {unknown}
 n - a potion of resistance {unknown}


   Skills:
 + Level 3.0 Fighting
 + Level 1.4 Short Blades
 + Level 1.4 Long Blades
 + Level 1.4 Axes
 + Level 1.4 Maces & Flails
 + Level 1.4 Polearms
 + Level 1.4 Staves
 + Level 1.4 Ranged Weapons
 + Level 1.4 Throwing
 + Level 1.4 Armour
 + Level 4.8 Dodging
 + Level 1.4 Stealth
 + Level 1.4 Shields
 + Level 6.7 Unarmed Combat
 + Level 1.4 Spellcasting
 + Level 1.1 Conjurations
 + Level 1.1 Hexes
 + Level 1.1 Summonings
 + Level 1.1 Necromancy
 + Level 1.1 Translocations
 + Level 1.1 Transmutations
 + Level 1.1 Fire Magic
 + Level 1.1 Ice Magic
 + Level 1.1 Air Magic
 + Level 1.1 Earth Magic
 + Level 1.1 Poison Magic
 + Level 1.6 Invocations
 + Level 1.4 Evocations
 + Level 6.6 Shapeshifting


You had 6 spell levels left.
You didn't know any spells.
Your spell library contained the following spells:

 Spells                   Type           Power      Damage    Failure   Level
 Brom's Barrelling Bould  Conj/Erth      3%         2d3       98%         4
 Fireball                 Conj/Fire      1%         3d3       100%        5
 Iskenderun's Battlesphe  Conj           3%         2d6       100%        5
 Conjure Ball Lightning   Conj/Air       1%         3x3d6     100%        6
 Orb of Destruction       Conj           1%         9d5       100%        7


Dungeon Overview and Level Annotations

Branches:
Dungeon (4/15)
 Temple: D:4-7

Altars:
Ru


Innate Abilities, Weirdness & Mutations

You are a hulking beast.
Your limbs bulge with bestial killing power. (Slay +3)
You have very sharp teeth.
Your uncanny sense of smell can sniff out nearby items.
Your experience applies equally to all skills.


Message History

a - a javelin
a - 2 javelins (gained 1)
a - 3 javelins (gained 1)
You now have 158 gold pieces (gained 13).
Found an escape hatch in the floor.
Found a stone staircase leading down.
You see here 8 stones.
There is an escape hatch in the floor here.
An ice beast comes into view.
Unknown command.
Throw: 3 javelins
Press: ? - help, Shift-Dir - straight line, f - ice beast
Aim: an ice beast (59% to hit)
You throw a javelin.
The javelin closely misses the ice beast.
Throw: 2 javelins
Press: ? - help, Shift-Dir - straight line, f/p - ice beast
Aim: an ice beast (59% to hit)
You throw a javelin.
The javelin pierces through the ice beast!
The ice beast is moderately wounded.
The ice beast hits you. The ice beast freezes you!
You take 14 damage, and have 27/41 hp.
MASSIVE DAMAGE!!
Unknown command.
Okay, then.
You barely miss the ice beast.
You bite the ice beast, but do no damage.
The ice beast is moderately wounded.
The ice beast closely misses you.
You punch the ice beast!
The ice beast is almost dead.
The ice beast hits you. The ice beast freezes you!
* * * LOW HITPOINT WARNING * * *
You take 15 damage, and have 12/41 hp.
MASSIVE DAMAGE!!
You hit the ice beast but do no damage.
The ice beast is almost dead.
The ice beast hits you.
* * * LOW HITPOINT WARNING * * *
The ice beast freezes you!
You die...

#.##.##.######
#.......##...
##.......#.####...
#.#.##.#.........
#.#.#.###.#####.#
#.#..# ##.####.# #
###.###.......#
#.####.#.########
#(....Yh##
#########


You could see an ice beast.

Vanquished Creatures
  A scorpion (D:4)
  3 adders
  4 worms
  A dart slug (D:2)
  4 orcs
  8 ball pythons
  4 bats
  2 endoplasms
  2 goblins (D:2)
  4 hobgoblins
  7 kobolds
  3 quokkas (D:3)
  2 frilled lizards
  3 rats
48 creatures vanquished.

Notes
Turn   | Place    | Note
-------+----------+-------------------------------------------
     0 | D:1      | tsujin the Gnoll Shapeshifter began the quest for the Orb.
     0 | D:1      | Reached XP level 1. HP: 17/17 MP: 1/1
   232 | D:1      | Reached XP level 2. HP: 19/23 MP: 2/2
   553 | D:1      | Reached XP level 3. HP: 11/28 MP: 3/3
   659 | D:2      | Reached skill level 1 in Invocations
   914 | D:2      | Reached skill level 1 in Short Blades
   914 | D:2      | Reached skill level 1 in Long Blades
   914 | D:2      | Reached skill level 1 in Axes
   914 | D:2      | Reached skill level 1 in Maces & Flails
   914 | D:2      | Reached skill level 1 in Polearms
   914 | D:2      | Reached skill level 1 in Staves
   914 | D:2      | Reached skill level 1 in Ranged Weapons
   914 | D:2      | Reached skill level 1 in Throwing
   914 | D:2      | Reached skill level 1 in Armour
   914 | D:2      | Reached skill level 1 in Stealth
   914 | D:2      | Reached skill level 1 in Shields
   914 | D:2      | Reached skill level 1 in Spellcasting
   914 | D:2      | Reached skill level 1 in Evocations
   923 | D:2      | Reached XP level 4. HP: 24/34 MP: 5/5
  1372 | D:3      | Identified the +3 short sword of the Smoking Gods {protect,
                  | rF+ MP+9}
  1490 | D:3      | Found a sacrificial altar of Ru.
  1717 | D:3      | Reached skill level 1 in Conjurations
  1717 | D:3      | Reached skill level 1 in Hexes
  1717 | D:3      | Reached skill level 1 in Summonings
  1717 | D:3      | Reached skill level 1 in Necromancy
  1717 | D:3      | Reached skill level 1 in Translocations
  1717 | D:3      | Reached skill level 1 in Transmutations
  1717 | D:3      | Reached skill level 1 in Fire Magic
  1717 | D:3      | Reached skill level 1 in Ice Magic
  1717 | D:3      | Reached skill level 1 in Air Magic
  1717 | D:3      | Reached skill level 1 in Earth Magic
  1717 | D:3      | Reached skill level 1 in Poison Magic
  2065 | D:4      | Noticed a scorpion
  2074 | D:4      | Killed a scorpion
  2075 | D:4      | Reached XP level 5. HP: 26/41 MP: 5/7
  2283 | D:4      | Noticed an ice beast
  2289 | D:4      | Slain by an ice beast

Illustrated notes

Levels and vault maps discovered:
D:1:      dpeg_arrival_radiant, layout_basic, amcnicky_mini_corridor_feature
D:2:      layout_basic, serial_rivers, chequers_serial_rivers_micro_b,
          chequers_serial_rivers_marsh, chequers_serial_rivers_room_b,
          chequers_serial_rivers_small_b, chequers_serial_rivers_large_a
D:3:      layout_loops_ring, mainiacjoe_overflow_chevrons
D:4:      layout_loops_cross

Skill      XL: |  1  2  3  4 |
---------------+-------------+-----
Invocations    | 1 |  1.6
Short Blades   | 1 |  1.4
Long Blades    | 1 |  1.4
Axes           | 1 |  1.4
Maces & Flails | 1 |  1.4
Polearms       | 1 |  1.4
Staves         | 1 |  1.4
Ranged Weapons | 1 |  1.4
Throwing       | 1 |  1.4
Armour         | 1 |  1.4
Stealth        | 1 |  1.4
Shields        | 1 |  1.4
Spellcasting   | 1 |  1.4
Evocations     | 1 |  1.4
Conjurations   | 1 |  1.1
Hexes          | 1 |  1.1
Summonings     | 1 |  1.1
Necromancy     | 1 |  1.1
Translocations | 1 |  1.1
Transmutations | 1 |  1.1
Fire Magic     | 1 |  1.1
Ice Magic      | 1 |  1.1
Air Magic      | 1 |  1.1
Earth Magic    | 1 |  1.1
Poison Magic   | 1 |  1.1
Fighting       | 3 |  3.0
Dodging        | |  4.8
Unarmed Combat | |  6.7
Shapeshifting  | |  6.6

Action                     |  1- 3 |  4- 6 || total
---------------------------+-------+-------++-------
  Melee: Unarmed           |    67 |    46 ||   113
         Bite              |     3 |     3 ||     6
         Punch             |     2 |     1 ||     3
  Throw: Javelin           |       |     8 ||     8
    Use: Scroll            |     3 |       ||     3
         Potion            |     1 |       ||     1
   Stab: Sleeping          |       |     2 ||     2
 Armour: Animal skin       |    28 |    14 ||    42
         Skin              |     7 |       ||     7
         Ring mail         |       |     3 ||     3
  Dodge: Dodged            |    61 |    20 ||    81

Table legend: (Time is in decaauts)
 A = Elapsed time spent in this place.
 B = Non-inter-level travel time spent in this place.
 C = Inter-level travel time spent in this place.
 D = Time resting spent in this place.
 E = Time spent auto-exploring this place.
 F = Levels seen in this place.
 G = Mean time per level.
                   A        B        C        D        E       F      G
               +--------+--------+--------+--------+--------+-----+--------+
         Total |   2301 |   2205 |     96 |    172 |   1600 |   4 |  575.2 |
       Dungeon |   2301 |   2205 |     96 |    172 |   1600 |   4 |  575.2 |
               +--------+--------+--------+--------+--------+-----+--------+

Top non-repeatable levels by time:
     D:2: 676 daAuts
     D:1: 641 daAuts
     D:3: 633 daAuts
     D:4: 350 daAuts
